 Dungeon Crawl Stone Soup version 0.29.0-13-gc9e81de378 (webtiles) character file.

Game seed: 12518849450826453685

10525 concernfroge the Spear-Bearer (level 11, -4/90 HPs)
             Began as a Mummy Monk on Sept 8, 2022.
             Was an Initiate of Gozag.
             Killed by an exploding orc (51 damage)
             ... ignited by their inner flame
             ... on level 11 of the Dungeon.
             The game lasted 00:45:31 (12307 turns).

concernfroge the Spear-Bearer (Mummy Monk)         Turns: 12307, Time: 00:45:32

Health: -4/90      AC: 14    Str: 19    XL:     11   Next: 37%
Magic:  11/11      EV: 14    Int: 10    God:    Gozag
Gold:   1858       SH:  5    Dex: 14    Spells: 10/10 levels left

rFire   x . .      SeeInvis +   a - +1 spear (vorpal)
rCold   + . .      Faith    .   (no shield)
rNeg    + + +      Spirit   .   j - +5 ring mail
rPois   ∞          Reflect  +   e - +0 hat
rElec   .          Harm     .   o - scarf {repulsion}
rCorr   .          Rampage  .   (no gloves)
Will    .....                   (no boots)
Stlth   +.........              i - amulet of reflection
HPRegen 0.25/turn               d - ring of see invisible
MPRegen 0.12/turn               g - +4 ring of protection

@: weak-willed, gold aura, studying Dodging, repel missiles
A: cold resistance 1, negative energy resistance 3, torment resistance 2, heat
vulnerability 1, in touch with death 1, no potions
a: Renounce Religion, Potion Petition, Call Merchant, Bribe Branch


You were on level 11 of the Dungeon.
You worshipped Gozag.
Gozag was most pleased with you.
You visited 2 branches of the dungeon, and saw 12 of its levels.

You collected 1858 gold pieces.

Inventory:

Hand Weapons
 a - a +1 vorpal spear (weapon)
Missiles
 l - 2 boomerangs
 q - 20 poisoned darts (quivered)
Armour
 e - a +0 hat (worn)
 j - a +5 ring mail (worn)
 o - a scarf of repulsion (worn)
 y - a scarf of resistance
Jewellery
 d - a ring of see invisible (left hand)
 g - a +4 ring of protection (right hand)
 i - an amulet of reflection (around neck)
 v - a +6 ring of strength
Wands
 f - a wand of polymorph (7)
 n - a wand of iceblast (6)
 p - a wand of acid (2)
 w - a wand of flame (32)
Scrolls
 c - 2 scrolls of teleportation
 h - 3 scrolls of fog
 k - a scroll of vulnerability
 r - 2 scrolls of noise
 u - 2 scrolls of identify
Miscellaneous
 b - a box of beasts (inert)


   Skills:
 - Level 10.0 Fighting
 - Level 12.0 Polearms
 + Level 8.5 Dodging
 - Level 1.5 Stealth


You had 10 spell levels left.
You didn't know any spells.
Your spell library contained the following spells:

 Spells                   Type           Power      Damage    Failure   Level
 Freeze                   Ice            0%         1d3       54%         1
 Blink                    Tloc           0%         N/A       69%         2
 Ensorcelled Hibernation  Hex/Ice        0%         N/A       69%         2
 Scorch                   Fire           0%         2d5       69%         2
 Call Canine Familiar     Summ           0%         N/A       89%         3
 Frozen Ramparts          Ice            0%         1d1       89%         3
 Ignite Poison            Fire/Tmut/Pois 0%         N/A       89%         3
 Mephitic Cloud           Conj/Pois/Air  0%         N/A       89%         3
 Portal Projectile        Hex/Tloc       0%         N/A       89%         3
 Airstrike                Air            0%         2d(0-16)  100%        4
 Anguish                  Hex/Necr       0%         N/A       100%        4
 Flame Wave               Conj/Fire      0%         2d4       100%        4
 Hailstorm                Conj/Ice       0%         3d3       100%        4
 Leda's Liquefaction      Hex/Erth       0%         N/A       100%        4
 Summon Lightning Spire   Summ/Air       0%         N/A       100%        4
 Freezing Cloud           Conj/Ice/Air   0%         6-21      100%        5
 Lightning Bolt           Conj/Air       0%         1d11      100%        5
 Manifold Assault         Tloc           0%         N/A       100%        5
 Summon Cactus Giant      Summ           0%         N/A       100%        6
 Summon Hydra             Summ           0%         N/A       100%        7
 Sublimation of Blood     Necr           Unusable   N/A       N/A         2
 Wereblood                Tmut           Unusable   N/A       N/A         2
 Spider Form              Tmut/Pois      Unusable   N/A       N/A         3
 Storm Form               Tmut/Air       Unusable   N/A       N/A         7

Dungeon Overview and Level Annotations

Branches:
Dungeon (11/15)            Temple (1/1) D:6             Orc (0/2) D:9
   Lair: D:8-11

Altars:
Ashenzari
Cheibriados
Dithmenos
Fedhas
Gozag
Hepliaklqana
Kikubaaqudgha
Makhleb
Nemelex Xobeh
Okawaru
Qazlal
Ru
Sif Muna
Trog
Uskayaw
Vehumet
Wu Jian
Xom
Yredelemnul

Shops:
D:6 *   D:7 *


Innate Abilities, Weirdness & Mutations

You are immune to poison.
Your flesh is cold resistant. (rC+)
You are immune to negative energy. (rN+++)
You are immune to unholy pain and torment.
You are vulnerable to heat. (rF-)
You are in touch with the powers of death.
You do not drink.


Message History

As you read the scroll of vulnerability, it crumbles to dust.
Magic quickly surges around you.
The orc zaps a wand.
You suddenly lose the ability to move!
The now-empty wand crumbles to dust.
The two-headed ogre barely misses you.
The two-headed ogre hits you with a +0 giant spiked club!
An orc priest comes into view.
It is wielding a +1 war axe of electrocution.
You can move again.
Aiming: Paralyse
Press: ? - help, Shift-Dir - straight line, f - two-headed ogre
Aim: a two-headed ogre, wielding two +0 giant spiked clubs (weak-willed, chance to affect: 49%)
The two-headed ogre suddenly stops moving!
The orc priest shouts!
The now-empty wand crumbles to dust.
The orc priest mumbles some strange prayers to Beogh against you.
Beogh smites you!
Really read the scroll of immolation?
As you read the scroll of immolation, it crumbles to dust.
The creatures around you are filled with an inner flame!
The orc priest is distracted by your dazzling golden aura.
The orc closely misses you.
Okay, then.
As you read the scroll labelled KIRIPSAMAP, it crumbles to dust.
You feel a surge of unholy energy.
The two-headed ogre convulses!
Flame seeps out of the two-headed ogre.
The orc convulses!
Flame seeps out of the orc.
The orc priest convulses!
The orc priest shouts!
Flame seeps out of the orc priest.
It was a scroll of torment.
You hear a shout!
The orc priest is no longer distracted by gold.
The two-headed ogre is engulfed in blazing flames.
Flame seeps out of the two-headed ogre.
The orc priest is engulfed in blazing flames.
The orc priest explodes!
The orc is engulfed in blazing flames.
The orc explodes!
The fiery explosion engulfs the two-headed ogre!!
The fiery explosion engulfs you!!! The fire burns you terribly!
Ouch! That really hurt!
You die...
Your body crumbles into a pile of gold.

............########
##+#####...........#
#...........#
#...........#
#...........#
#####+##.....#
#.....$#.....#
+......#.....#
#§○@.....#
#§○#$....#
#§..###### ○§...#
§§§..## .($.$$..
.P..#... ..$##$..


There were no monsters in sight!

Vanquished Creatures
  A centaur warrior (D:8)
  3 two-headed ogres
  A komodo dragon (D:11)
  An unseen horror (D:10)
  2 trolls (D:9)
  2 hornets
  3 shadows (D:9)
  3 wraiths
  A vampire (D:10)
  10 yaks
  2 wyverns
  A golden eye (D:10)
  3 vampire mosquitoes (D:10)
  A warg (D:11)
  Menkaure (D:7)
  2 water moccasins
  3 orc warriors (D:9)
  2 black bears (D:7)
  2 ice beasts (D:7)
  2 ogres
  A centaur (D:6)
  2 phantoms (D:5)
  A kobold brigand (D:7)
  A bullfrog (D:8)
  A necrophage (D:5)
  3 scorpions
  2 troll zombies (D:9)
  12 killer bees
  2 electric eels (D:10)
  4 howler monkeys (D:10)
  2 hounds
  7 jellies
  7 orc priests
  Crazy Yiuf (D:7)
  2 gnoll boudas
  3 iguanas
  Jessica (D:2)
  7 orc wizards
  4 ogre zombies (D:9)
  18 gnolls
  8 adders
  A white imp (D:4)
  4 ufetubi
  2 worms (D:2)
  A dart slug (D:1)
  48 orcs
  2 ball pythons
  3 endoplasms
  3 giant cockroaches
  3 goblins
  7 hobgoblins
  6 jackals
  13 kobolds
  3 quokkas
  4 bats
  8 frilled lizards
  2 goblin skeletons (D:9)
  A goblin zombie (D:9)
  A hobgoblin skeleton (D:9)
  3 orc skeletons (D:9)
  12 orc zombies (D:9)
  A rat (D:3)
263 creatures vanquished.

Vanquished Creatures (collateral kills)
  A water moccasin (D:7)
  A sky beast (D:7)
2 creatures vanquished.

Vanquished Creatures (others)
  56 plants
56 creatures vanquished.

Grand Total: 321 creatures vanquished

Notes
Turn   | Place    | Note
-------+----------+-------------------------------------------
     0 | D:1      | concernfroge the Mummy Monk began the quest for the Orb.
     0 | D:1      | Reached XP level 1. HP: 18/18 MP: 1/1
    53 | D:1      | Found a faded altar of an unknown god.
   424 | D:1      | Reached XP level 2. HP: 23/24 MP: 2/2
  1245 | D:2      | Gained mutation: You are in touch with the powers of death.
                  | [Mummy growth]
  1245 | D:2      | Reached XP level 3. HP: 20/30 MP: 3/3
  1555 | D:2      | Noticed Jessica
  1565 | D:2      | Reached skill level 5 in Fighting
  1565 | D:2      | Reached XP level 4. HP: 38/39 MP: 4/4
  1582 | D:2      | Killed Jessica
  1918 | D:4      | Identified a scroll of acquirement
  1918 | D:4      | Acquired a manual of Dodging
  1930 | D:4      | Reached XP level 5. HP: 42/46 MP: 3/5
  2347 | D:4      | Reached XP level 6. HP: 44/53 MP: 4/6
  2469 | D:5      | Entered Level 5 of the Dungeon
  2599 | D:5      | Found a bloodstained altar of Trog.
  2685 | D:5      | Found a blossoming altar of Fedhas.
  2694 | D:5      | Found a broken altar of Ashenzari.
  3656 | D:3      | Reached XP level 7. HP: 62/62 MP: 7/7
  4754 | D:5      | Reached XP level 8. HP: 57/72 MP: 5/8
  5030 | D:6      | Reached skill level 10 in Fighting
  5186 | D:6      | Reached skill level 3 in Polearms
  5318 | D:6      | Found Uwyar's Neck Hole.
  5357 | D:6      | Found a staircase to the Ecumenical Temple.
  5366 | Temple   | Entered the Ecumenical Temple
  5385 | Temple   | Became a worshipper of Gozag Ym Sagoz the Greedy
  5724 | D:5      | Found a basalt altar of Yredelemnul.
  5798 | D:5      | Reached skill level 4 in Polearms
  6084 | D:6      | Reached skill level 5 in Polearms
  6406 | D:7      | Noticed Menkaure
  6410 | D:7      | Killed Menkaure
  6477 | D:7      | Reached skill level 6 in Polearms
  6542 | D:7      | Reached XP level 9. HP: 78/78 MP: 9/9
  6565 | D:7      | Found Ragao's Overcharged Wands.
  6639 | D:7      | Reached skill level 7 in Polearms
  6755 | D:7      | Found a runed translucent door.
  6756 | D:7      | Noticed Crazy Yiuf
  6768 | D:7      | Killed Crazy Yiuf
  7212 | D:8      | Reached skill level 8 in Polearms
  7244 | D:8      | Noticed a centaur warrior
  7264 | D:8      | Killed a centaur warrior
  7265 | D:8      | Reached skill level 9 in Polearms
  7299 | D:8      | Identified the +9 great mace of Zazowurcho {holy, rElec
                  | Str+6 Int+2}
  7682 | D:8      | Found a hide-covered altar of Uskayaw.
  7871 | D:8      | Reached XP level 10. HP: 72/85 MP: 8/10
  8203 | D:9      | Reached skill level 10 in Polearms
  8246 | D:9      | Noticed a two-headed ogre
  8247 | D:9      | Found a staircase to the Orcish Mines.
  8614 | D:9      | Killed a two-headed ogre
  8881 | D:9      | Reached skill level 11 in Polearms
  9804 | D:10     | Entered Level 10 of the Dungeon
 10126 | D:10     | Reached skill level 12 in Polearms
 10130 | D:10     | Reached XP level 11. HP: 21/90 MP: 11/11
 10428 | D:10     | Found a burning altar of Makhleb.
 10428 | D:10     | Noticed a green death
 10599 | D:10     | Noticed a two-headed ogre
 10618 | D:10     | Killed a two-headed ogre
 10619 | D:10     | Reached skill level 5 in Dodging
 11621 | D:10     | Identified the +0 war axe of Theory {venom, Int+2}
 12295 | D:11     | Noticed a two-headed ogre
 12301 | D:11     | Paralysed by an orc for 4 turns
 12307 | D:11     | Killed a two-headed ogre
 12307 | D:11     | Killed by an exploding orc... ignited by their inner flame

Illustrated notes

Levels and vault maps discovered:
D:1:      lightli_arrival_maybe_door_vault, layout_basic,
          ebering_ecumenical_altar_webs
D:2:      minmay_wonky_spiral, layout_rooms, minmay_pentomino_r4, uniq_jessica
D:3:      layout_loops_ring, nicolae_grassy_gnolls
D:4:      nicolae_BIG_FREAKIN_CUBE, layout_cave_pools, serial_bayou,
          serial_bayou_shore_a, serial_bayou_lagoon_a, serial_bayou_shore_b,
          serial_bayou_lake_a, serial_bayou_pond_c
D:5:      layout_cave_pods, cheibrodos_ashenzari_chains, fedhas_altar_1,
          nicolae_overflow_hidden_temple
D:6:      layout_rooms, minmay_temple_entry_nine_rooms,
          nicolae_shop_sticking_my_neck_out
D:7:      layout_basic, nicolae_shop_overcharged_wands, uniq_menkaure,
          uniq_crazy_yiuf_cottage
D:8:      layout_rooms, nicolae_uskayaw_dance_hall
D:9:      layout_roguey [special_room_orc], zombieorc1_lemuel,
          minmay_misc_feat_plants
D:10:     layout_long_grid, makhleb_altar_promises_db, serial_bayou,
          serial_bayou_pond_b, serial_bayou_pond_c, serial_bayou_pond_a,
          serial_bayou_crossing, library_closet, kennysheep_generic_room_8
D:11:     layout_gridville, erik_lair_orcish_takeover
Temple:   minmay_freezing_vapour_temple

Skill      XL: |  1  2  3  4  5  6  7  8  9 10 11 |
---------------+----------------------------------+-----
Fighting       | 4 5 6 8 9 10 | 10.0
Polearms       | 6 9 12 | 12.0
Dodging        | 4 8 |  8.5
Stealth        | |  1.5

Action                   |  1- 3 |  4- 6 |  7- 9 | 10-12 || total
-------------------------+-------+-------+-------+-------++-------
Melee: Spear             |   150 |   214 |   451 |   549 ||  1364
       Punch             |     1 |     4 |     6 |     9 ||    20
Throw: Dart              |    13 |    14 |    33 |    41 ||   101
       Throwing net      |       |       |     3 |     1 ||     4
       Boomerang         |       |       |     8 |    12 ||    20
Evoke: Wand              |       |       |    12 |    13 ||    25
       Box of beasts     |       |       |       |     1 ||     1
  Use: Scroll            |     5 |     2 |     8 |     7 ||    22
 Stab: Sleeping          |     5 |       |     1 |     1 ||     7
       Paralysed         |       |       |     5 |    15 ||    20
       Held in net/web   |       |       |     1 |       ||     1
       Distracted        |       |       |     1 |     2 ||     3
Armor: Ring mail         |    50 |   108 |   205 |   134 ||   497
       Robe              |     2 |       |       |       ||     2
       Leather armour    |     1 |       |       |       ||     1
Dodge: Dodged            |    76 |   111 |   249 |   165 ||   601
       Repelled          |       |       |     1 |     1 ||     2
Block: Other             |       |       |       |    25 ||    25
